 Dungeon Crawl Stone Soup version 0.31.0-12-g77e489cdc1 (webtiles) character file.

Game seed: 9077195868061022240

13571 Silvore the Carver (level 11, -13/86 HPs)
             Began as a Demonspawn Fighter on Feb 14, 2024.
             Was a High Priest of Okawaru.
             Mangled by Urug
             ... wielding a +2 eveningstar of holy wrath
              (29 damage)
             ... on level 11 of the Dungeon.
             The game lasted 00:20:12 (9494 turns).

Silvore the Carver (Demonspawn Fighter)             Turns: 9494, Time: 00:20:12

Health: -13/86     AC:  8    Str: 21    XL:     11   Next: 77%
Magic:  11/11      EV: 14    Int:  9    God:    Okawaru [*****.]
Gold:   1179       SH: 13    Dex: 17    Spells: 10/10 levels left

rFire   . . .        a - +3 long sword
rCold   . . .        p - +1 buckler of Leaves {rElec Regen+}
rNeg    . . .        C - +3 troll leather armour
rPois   +            (helmet restricted)
rElec   +            (no cloak)
rCorr   .            H - +0 pair of gloves
SInv    +            (no boots)
Will    .....        o - amulet of reflection
Stlth   +++          n - ring of poison resistance
HPRegen 1.94/turn    q - ring of Ciddyuqo {Dex+3 SInv}
MPRegen 0.12/turn

%: reflection
@: no status effects
A: antennae 2, thin skeletal structure 1, powered by death 2, spiny 2
a: Renounce Religion, Heroism, Finesse, Duel


You were on level 11 of the Dungeon.
You worshipped Okawaru.
Okawaru was extremely pleased with you.
You visited 2 branches of the dungeon, and saw 12 of its levels.
You also visited: Sewer and Ossuary.

You collected 1179 gold pieces.

Inventory:

Hand Weapons
 a - a +3 long sword (weapon)
Armour
 b - a +0 scale mail
 c - a +0 buckler
 i - a +1 chain mail
 k - a +0 helmet
 p - the +1 buckler of Leaves (worn) {rElec Regen+}
   (You acquired it in an ossuary)

   rElec:     It insulates you from electricity.
   Regen+:    It increases your rate of health regeneration.
 t - the +1 pair of gloves "Feni Ihi" {rF+}
   (You acquired it in an ossuary)

   rF+:       It protects you from fire.
 C - a +3 troll leather armour (worn)
 H - a +0 pair of gloves (worn)
Jewellery
 m - an amulet of regeneration
 n - a ring of poison resistance (left hand)
 o - an amulet of reflection (around neck)
 q - the ring of Ciddyuqo (right hand) {Dex+3 SInv}
   (You found it on level 5 of the Dungeon)

   [ring of see invisible]

   Dex+3:     It affects your dexterity (+3).
   SInv:      It lets you see invisible.
 I - a ring of resist corrosion
Wands
 d - a wand of mindburst (23)
 y - a wand of paralysis (3)
 G - a wand of polymorph (3)
Scrolls
 g - a scroll of teleportation
 j - 4 scrolls of noise
 s - 2 scrolls of vulnerability
 A - a scroll of fog
Potions
 e - a potion of ambrosia
 f - 3 potions of cancellation
 h - 2 potions of curing
 l - 4 potions of brilliance
 u - a potion of berserk rage {unknown}
 v - 2 potions of mutation
 w - 2 potions of enlightenment
 x - a potion of lignification
 z - a potion of attraction {unknown}
 D - a potion of haste {unknown}


   Skills:
 + Level 8.1 Fighting
 + Level 10.8 Long Blades
 + Level 6.8 Armour
 + Level 5.5 Dodging
 + Level 3.2 Stealth
 + Level 8.9 Shields


You had 10 spell levels left.
You didn't know any spells.
Your spell library contained the following spells:

 Spells                   Type           Power      Damage    Failure   Level
 Apportation              Tloc           0%         N/A       47%         1
 Necrotise                Necr           0%         1d4       47%         1
 Shock                    Conj/Air       0%         1d3       47%         1
 Sting                    Conj/Alch      0%         1d3       47%         1
 Blink                    Tloc           0%         N/A       63%         2
 Lesser Beckoning         Tloc           0%         N/A       63%         2
 Momentum Strike          Conj/Tloc      0%         3d8       63%         2
 Swiftness                Air            0%         N/A       85%         3
 Vampiric Draining        Necr           0%         2d6       85%         3
 Airstrike                Air            0%         2d(0-16)  99%         4
 Olgreb's Toxic Radiance  Alch           0%         N/A       99%         4
 Passage of Golubria      Tloc           0%         N/A       99%         4
 Curse of Agony           Necr           0%         N/A       100%        5
 Silence                  Hex/Air        0%         N/A       100%        5
 Ozocubu's Refrigeration  Ice            0%         4d7       100%        7
 Discord                  Hex            0%         N/A       100%        8
 Lehudib's Crystal Spear  Conj/Erth      0%         10d2      100%        8
 Summon Small Mammal      Summ           Unusable   N/A       N/A         1
 Call Canine Familiar     Summ           Unusable   N/A       N/A         3
 Martyr's Knell           Necr/Summ      Unusable   N/A       N/A         4
 Summon Blazeheart Golem  Fire/Summ      Unusable   N/A       N/A         4

Dungeon Overview and Level Annotations

Branches:
Dungeon (11/15)            Temple (1/1) D:6           Sewer (visited)
Ossuary (visited)
   Lair: D:8-11         Orc: D:9-12

Altars:
Ashenzari
Cheibriados
Dithmenos
Fedhas
Gozag
Hepliaklqana
Kikubaaqudgha
Makhleb
Nemelex Xobeh
Okawaru
Qazlal
Ru
Sif Muna
Trog
Uskayaw
Vehumet
Wu Jian
Xom
Yredelemnul

Shops:
D:5 *   D:9 [   D:10 :   D:11 ?

Annotations:
D:11 Urug


Innate Abilities, Weirdness & Mutations

You have a pair of antennae on your head.
You have a somewhat thin skeletal structure. (Dex +2, Stealth+)
You regenerate health from kills.
You are mostly covered in sharp spines.


Message History

You block the yak's attack.
You hit the yak.
The yak is heavily wounded.
You block the yak's attack.
You completely miss the yak.
The yak is heavily wounded.
The yak is struck by your spines. The yak misses you.
You slash the yak!
You kill the yak!
Okawaru accepts your kill.
A yak comes into view.
Found 5 stones.
There is an open door here.
Urug throws a javelin.
The javelin pierces through you!
You slash Urug!
Urug is lightly wounded.
Urug hits you with a +2 eveningstar of holy wrath!
You convulse.
Okay, then.
You slash Urug!
Urug is moderately wounded.
Urug hits you with a +2 eveningstar of holy wrath!!
You convulse!!
You slash Urug!
Urug is heavily wounded.
You hit Urug.
Urug is severely wounded.
Urug hits you with a +2 eveningstar of holy wrath!
* * * LOW HITPOINT WARNING * * *
You convulse.
* * * LOW HITPOINT WARNING * * *
Okay, then.
You closely miss Urug.
Urug is severely wounded.
You block Urug's attack.
You hit Urug.
Urug is severely wounded.
Urug hits you with a +2 eveningstar of holy wrath!!
You die...
Urug screams, "Revenge at last!"

#.....Y..#
#........#
#....)...#
#.x...!..#
#........#
#..(.....#
#...o....#
####'# #.@o.#
#.####
#######.#####
#...........#
#...........#
#...........#
#...........#
#.∩.........# .
#...........#.#


You could see Urug.

Vanquished Creatures
  A centaur warrior (D:10)
  A two-headed ogre (D:10)
  A boulder beetle (D:10)
  A tengu warrior (D:10)
  Sonja (D:10)
  A deep elf pyromancer (D:10)
  A wolf spider (D:10)
  A meliai (D:10)
  An unseen horror zombie (D:8)
  2 hornets
  A troll (shapeshifter) (D:10)
  5 trolls
  3 shadows
  2 yaks
  A basilisk (D:10)
  3 steam dragons
  3 vampire mosquitoes (D:10)
  2 acid dragons (D:9)
  A water moccasin (D:7)
  4 hornet zombies (D:8)
  4 orc warriors
  An ogre (D:6)
  A black bear (D:6)
  A sky beast (D:8)
  6 centaurs
  A crocodile (Sewer)
  6 kobold brigands
  2 phantoms
  A brain worm (Sewer)
  3 gnoll sergeants
  3 wyvern zombies (D:8)
  12 scorpions
  18 wights
  5 killer bees
  3 howler monkeys
  A centaur zombie (Ossuary)
  4 hounds
  A jelly (D:6)
  7 orc priests
  A sleepcap (D:6)
  5 iguanas
  6 orc wizards
  12 scorpion zombies (Ossuary)
  3 killer bee zombies (D:8)
  3 mummies (Ossuary)
  12 gnolls
  10 adders
  3 river rats (Sewer)
  3 white imps
  4 ufetubi (D:7)
  3 adder zombies (Ossuary)
  3 ribbon worms
  23 orcs
  8 bats
  12 endoplasms
  A giant cockroach (D:2)
  A gnoll zombie (Ossuary)
  5 goblins
  5 hobgoblins
  10 jackals
  2 quokkas
  11 ball pythons
  2 ball python zombies (Ossuary)
  5 frilled lizards
  2 jackal zombies (Ossuary)
  17 kobolds
  2 orc zombies (Ossuary)
  10 rats
  A spectral kobold (D:6)
301 creatures vanquished.

Vanquished Creatures (others)
  A bombardier beetle (D:6)
1 creature vanquished.

Grand Total: 302 creatures vanquished

Notes
Turn   | Place    | Note
-------+----------+-------------------------------------------
     0 | D:1      | Silvore the Demonspawn Fighter began the quest for the Orb.
     0 | D:1      | Reached XP level 1. HP: 18/18 MP: 1/1
    36 | D:1      | Reached skill level 2 in Long Blades
    50 | D:1      | Gained mutation: You are partially covered in sharp spines.
                  | [demonic ancestry]
    50 | D:1      | Reached XP level 2. HP: 16/24 MP: 2/2
   409 | D:1      | Gained mutation: You are mostly covered in sharp spines.
                  | [demonic ancestry]
   409 | D:1      | Reached XP level 3. HP: 19/29 MP: 3/3
   664 | D:2      | Found a burning altar of Makhleb.
   771 | D:2      | Gained mutation: You have a pair of small antennae on your
                  | head. [demonic ancestry]
   771 | D:2      | Reached XP level 4. HP: 37/37 MP: 4/4
  1050 | D:3      | Noticed a scorpion
  1061 | D:3      | Killed a scorpion
  1062 | D:3      | Reached skill level 3 in Long Blades
  1062 | D:3      | Gained mutation: You regenerate a little health from kills.
                  | [demonic ancestry]
  1062 | D:3      | Reached XP level 5. HP: 25/42 MP: 5/5
  1403 | D:3      | Found a glowing drain.
  1421 | Sewer    | Entered a sewer
  1442 | Sewer    | Reached skill level 4 in Long Blades
  1477 | Sewer    | Gained mutation: You regenerate health from kills. [demonic
                  | ancestry]
  1477 | Sewer    | Reached XP level 6. HP: 42/48 MP: 6/6
  1672 | Sewer    | Reached skill level 5 in Long Blades
  1672 | Sewer    | Gained mutation: You have a somewhat thin skeletal
                  | structure. (Dex +2, Stealth+) [demonic ancestry]
  1672 | Sewer    | Reached XP level 7. HP: 21/54 MP: 7/7
  1761 | Sewer    | Reached skill level 1 in Dodging
  2375 | D:4      | Found a shadowy altar of Dithmenos.
  2749 | D:4      | Found an ancient bone altar of Kikubaaqudgha.
  2967 | D:5      | Entered Level 5 of the Dungeon
  3115 | D:5      | Found Gilix's General Store.
  3344 | D:5      | Identified the ring of Ciddyuqo {Dex+3 SInv}
  3590 | D:5      | Identified the +2 robe of the Hidden Lies {SInv}
  3714 | D:5      | You fall into a shaft and drop 2 floors!
  3748 | D:7      | Noticed a hornet
  3764 | D:7      | Reached skill level 6 in Long Blades
  3771 | D:7      | Reached XP level 8. HP: 61/61 MP: 8/8
  3848 | D:7      | Killed a hornet
  3849 | D:7      | Reached skill level 5 in Armour
  3969 | D:7      | Found a sand-covered staircase.
  3974 | Ossuary  | Entered an ossuary
  4028 | Ossuary  | Reached skill level 1 in Stealth
  4074 | Ossuary  | Reached skill level 5 in Fighting
  4187 | Ossuary  | Reached skill level 5 in Shields
  4210 | Ossuary  | Reached skill level 7 in Long Blades
  4216 | Ossuary  | Gained mutation: You have a pair of antennae on your head.
                  | [demonic ancestry]
  4216 | Ossuary  | Reached XP level 9. HP: 51/68 MP: 9/9
  4307 | Ossuary  | Identified 3 scrolls of acquirement
  4307 | Ossuary  | Acquired 861 gold pieces
  4313 | Ossuary  | Acquired the +1 buckler of Leaves {rElec Regen+}
  4324 | Ossuary  | Acquired the +1 pair of gloves "Feni Ihi" {rF+}
  5068 | D:6      | Found a staircase to the Ecumenical Temple.
  5128 | Temple   | Entered the Ecumenical Temple
  5202 | Temple   | Became a worshipper of Warmaster Okawaru
  5351 | D:6      | Reached skill level 8 in Long Blades
  5404 | D:6      | Found a hazy altar of Hepliaklqana.
  6053 | D:8      | Reached * piety under Okawaru
  6172 | D:8      | Reached XP level 10. HP: 72/77 MP: 10/10
  6449 | D:8      | Reached skill level 9 in Long Blades
  6532 | D:8      | Reached ** piety under Okawaru
  7426 | D:9      | Reached *** piety under Okawaru
  7440 | D:9      | Found Egara's Dragon-Slaying Spoils.
  7498 | D:10     | Entered Level 10 of the Dungeon
  7498 | D:10     | Noticed Sonja
  7725 | D:10     | Killed Sonja
  7752 | D:10     | Found Gutzizas's Book Shop.
  7752 | D:10     | Noticed a two-headed ogre
  7766 | D:10     | Killed a two-headed ogre
  7766 | D:10     | Reached **** piety under Okawaru
  7834 | D:10     | Reached XP level 11. HP: 77/84 MP: 11/11
  7901 | D:10     | Found a sparkling altar of Nemelex Xobeh.
  7902 | D:10     | Found a stormy altar of Qazlal.
  7921 | D:10     | Found a basalt altar of Yredelemnul.
  7921 | D:10     | Found a snail-covered altar of Cheibriados.
  7993 | D:10     | Noticed a boulder beetle
  7994 | D:10     | Noticed a tengu warrior
  8010 | D:10     | Found a broken altar of Ashenzari.
  8296 | D:10     | Reached skill level 10 in Long Blades
  8523 | D:10     | Paralysed by a meliai for 4 turns
  8677 | D:10     | Noticed a deep elf pyromancer
  8722 | D:10     | Killed a tengu warrior
  8722 | D:10     | Reached ***** piety under Okawaru
  8837 | D:10     | Killed a deep elf pyromancer
  8883 | D:10     | Reached skill level 5 in Dodging
  9106 | D:10     | Noticed an ogre mage
  9163 | D:10     | Killed a boulder beetle
  9180 | D:10     | Found an ancient bone altar of Kikubaaqudgha.
  9180 | D:10     | Noticed a wolf spider
  9198 | D:10     | Killed a wolf spider
  9227 | D:10     | Noticed a centaur warrior
  9250 | D:10     | Killed a centaur warrior
  9257 | D:10     | HP: 3/86 [yak (14)]
  9442 | D:11     | Found Ziagiu Kacaa's Magic Scroll Shoppe.
  9465 | D:11     | Noticed Urug
  9494 | D:11     | Mangled by Urug

Illustrated notes

Levels and vault maps discovered:
D:1:      elethiomel_arrival_quiet, layout_basic, st_stairs_7
D:2:      layout_rooms, basic_altar, kennysheep_cross_bottleneck
D:3:      layout_basic, cheibrodos_sewer_entry_sluice
D:4:      layout_basic, mainiacjoe_overflow_large_starburst,
          mainiacjoe_overflow_alcove_1, ebering_dispersal_statue_hall,
          hangedman_abyss_or_decor_stagger, serial_bayou_crossing
D:5:      layout_basic, serial_shops, nicolae_shop_window_shopping,
          feat_on_display
D:6:      layout_rooms, nicolae_hepliaklqana_monster_ancestors,
          minmay_temple_entry_crystal_x, grunt_ministairs_12,
          kennysheep_big_empty_room
D:7:      layout_basic, nicolae_ossuary_entry_plus
D:8:      layout_basic, serial_undead, serial_undead_d, serial_undead_a,
          serial_undead_a, serial_undead_c
D:9:      layout_basic, orc_0_dummy, nicolae_shop_dragon_depot
D:10:     minmay_the_grid_octo_tiled_octocenter [minmay_the_grid_octo_shrine,
          minmay_the_grid_octo_odd_swirl, minmay_the_grid_octo_77,
          minmay_the_grid_octo_vomiting_pacman, minmay_the_grid_octo_prize_star,
          minmay_the_grid_square_5x5_broken_cross,
          minmay_the_grid_square_5x5_minimal,
          minmay_the_grid_square_5x5_doubleslash,
          minmay_the_grid_square_5x5_slash], layout_rooms,
          nicolae_ashenzari_skybound, serial_shops, nicolae_book_shop_shelving,
          uniq_sonja
D:11:     layout_roguey, minmay_lair_entry_grove, serial_shops, shop, shop,
          nicolae_stop_n_shop_1, shop, uniq_josephine, uniq_urug
Temple:   minmay_temple_bridge_d

Skill      XL: |  1  2  3  4  5  6  7  8  9 10 11 |
---------------+----------------------------------+-----
Long Blades    | 2 3 4 5 6 7 8 9 10 | 10.8
Shields        | 3 4 5 6 7 8 |  8.9
Armour         | 3 4 5 6 |  6.8
Fighting       | 4 5 6 7 8 |  8.1
Dodging        | 1 2 3 4 5 |  5.5
Stealth        | 1 2 3 |  3.2

Action                     |  1- 3 |  4- 6 |  7- 9 | 10-12 || total
---------------------------+-------+-------+-------+-------++-------
  Melee: Long sword        |    85 |   101 |   425 |   485 ||  1096
         Unarmed           |       |       |       |     3 ||     3
    Use: Scroll            |     4 |     3 |    15 |    11 ||    33
         Potion            |       |     1 |     1 |    13 ||    15
   Stab: Sleeping          |       |       |       |     9 ||     9
         Distracted        |       |       |       |     2 ||     2
 Armour: Scale mail        |    43 |       |       |       ||    43
         Chain mail        |    25 |    72 |   283 |     2 ||   382
         Troll leather arm |       |       |       |   292 ||   292
         Skin              |       |       |       |     5 ||     5
  Dodge: Dodged            |    40 |    19 |   145 |   225 ||   429
  Block: Buckler           |    30 |    17 |   299 |   360 ||   706
         Reflection        |       |       |     4 |    10 ||    14
         Other             |       |       |       |     1 ||     1
